AoeStats
← ZyTeK 231305

Baltic

510619653Analyzed
4v4 RM · 2d ago on Oct 1, 2026· 55m 51s· 8 players
Game mode
Random Map
Map size
Large (8 player)
Population
200
Speed
Normal
Resources
Standard
Victory
Conquest
Starting age
Dark Age
Ending age
Imperial Age
RankedLock teamsTeams togetherTeam positionsShared explorationLock speedFull tech treeHidden civsTurbo modeCheats
Victory
Defeat
🇫🇷 Varangians · France
1184
+14
🇹🇷 Slavs · Türkiye
1130
+16
🇧🇪 Japanese · Belgium
1116
+17
🇫🇷 Vikings · France
1055
+54
🇨🇦 Byzantines · Canada
1181
-19
🇭🇰 Koreans · Hong Kong SAR China
1130
-16
🇺🇸 Poles · United States
1125
-16
🇨🇱 Bengalis · Chile
1078
-14
Secking13
3:18 Loom
10:36 Feudal Age
11:38 Double-Bit Axe
14:17 Horse Collar
20:55 Castle Age
20:18 Wheelbarrow
21:07 Forging
21:14 Bloodlines
23:24 Iron Casting
22:40 Fletching
23:00 Gold Mining
23:00 Stone Mining
23:13 Heavy Plow
23:35 Bow Saw
25:25 Scale Barding Armor
25:57 Padded Archer Armor
32:39 Imperial Age
30:24 Hand Cart
29:55 Town Watch
30:34 Chain Barding Armor
31:36 Town Patrol
33:41 Conscription
34:38 Blast Furnace
34:13 Plate Barding Armor
33:39 Scale Mail Armor
33:55 Bodkin Arrow
34:28 Detinets
35:06 Detinets
35:00 Cavalier
35:41 Husbandry
36:38 Chain Mail Armor
36:59 Plate Barding Armor
35:54 Capped Ram
37:23 Plate Barding Armor
36:22 Pikeman
37:02 Squires
39:46 Halberdier
43:20 Caravan
43:56 Druzhina
44:31 Leather Archer Armor
44:46 Plate Mail Armor
43:38 Elite Skirmisher
45:06 Ballistics
44:58 Fortified Wall
44:43 Murder Holes
45:05 Siege Engineers
47:08 Heavy Scorpion
47:18 Light Cavalry
50:39 Crop Rotation
51:10 Two-Man Saw
Saeer
2:14 Loom
13:09 Feudal Age
14:22 Town Watch
14:33 Stone Mining
14:32 Fishing Lines
16:02 Gold Mining
16:22 Fletching
18:14 Wheelbarrow
21:20 Castle Age
19:28 Arson
19:27 Horse Collar
19:35 Double-Bit Axe
20:06 Forging
19:56 Scale Mail Armor
23:07 Iron Casting
24:25 Fervor
25:35 Bodkin Arrow
26:29 Gold Shaft Mining
28:09 Bow Saw
29:10 Chain Mail Armor
31:33 Murder Holes
31:18 Treadmill Crane
31:58 Squires
32:59 Fortified Wall
37:40 Imperial Age
36:17 Hand Cart
36:05 Town Patrol
37:48 Ballistics
37:39 Masonry
38:55 Conscription
38:02 Elite Samurai
41:14 Kataparuto
43:44 Blast Furnace
43:15 Plate Mail Armor
48:43 Siege Engineers
52:08 Two-Man Saw
ZyTeK 231305
12:18 Feudal Age
11:43 Loom
15:52 Castle Age
13:54 Double-Bit Axe
15:00 Fletching
15:17 Gold Mining
16:55 Bodkin Arrow
17:17 Bow Saw
18:56 Fishing Lines
21:29 Horse Collar
23:49 Gold Shaft Mining
25:05 Town Watch
25:39 Medium Warships
26:08 Ballistics
25:56 Gillnets
26:21 Careening
26:23 Clinker Construction
30:58 Imperial Age
28:47 Heavy Plow
28:55 Squires
28:40 Arson
31:08 Elite Longship
31:50 Bracer
32:53 Chemistry
31:46 Crossbowman
31:50 Elite Varangian Guard
32:32 Stone Mining
33:00 Town Patrol
33:57 Scale Mail Armor
34:08 Forging
34:54 Chain Mail Armor
34:07 Arbalester
35:44 Masonry
35:29 Murder Holes
36:08 Capped Ram
37:38 Plate Mail Armor
37:09 Padded Archer Armor
37:45 Iron Casting
38:14 Crop Rotation
39:15 Leather Archer Armor
39:37 Iron Casting
39:08 Scale Barding Armor
39:02 Siege Ram
39:02 Heavy Scorpion
39:26 Treadmill Crane
40:16 Architecture
40:20 Conscription
39:33 Pikeman
39:34 Man-at-Arms
41:19 Siege Engineers
44:38 Elite Skirmisher
45:51 Chieftains
46:26 Hoardings
45:52 Bogsveigar
46:39 Onager
50:15 Elite Berserk
50:25 Sappers
51:28 Ring Archer Armor
51:59 Blast Furnace
51:19 Chain Barding Armor
52:25 Long Swordsman
ZyTeK 23
6:47 Loom
11:08 Feudal Age
15:41 Castle Age
14:01 Double-Bit Axe
14:33 Gold Mining
15:37 Fletching
20:21 Bodkin Arrow
25:43 Bow Saw
27:55 Ballistics
27:47 Siphons
27:39 Heated Shot
31:25 Horse Collar
33:20 Wheelbarrow
34:57 Hand Cart
37:39 Imperial Age
35:14 Heavy Plow
35:41 Town Watch
36:11 Forging
36:02 Scale Mail Armor
36:05 Squires
35:51 Gambesons
35:52 Arson
37:28 Iron Casting
38:06 Chain Mail Armor
38:54 Conscription
38:10 Capped Ram
41:02 Blast Furnace
40:33 Plate Mail Armor
39:51 Heavy Scorpion
42:06 Chemistry
41:14 Siege Engineers
42:25 Bloodlines
42:15 Husbandry
41:36 Light Cavalry
42:24 Scale Barding Armor
42:14 Elite Varangian Guard
44:12 Chain Barding Armor
44:30 Fortified Wall
45:24 Chemistry
48:58 Plate Barding Armor
50:23 Siege Ram
50:53 Gothikon
lamjeremy
9:10 Loom
13:25 Feudal Age
13:56 Double-Bit Axe
14:37 Fishing Lines
17:49 Castle Age
17:09 Fletching
18:42 Bow Saw
18:28 Gillnets
19:01 Medium Warships
20:12 Wheelbarrow
19:33 Town Watch
20:17 Bodkin Arrow
23:05 Gold Mining
24:44 Loom
25:09 Horse Collar
29:01 Heavy Plow
36:32 Hand Cart
41:08 Imperial Age
39:19 Gold Shaft Mining
38:34 Stone Mining
40:35 Ballistics
41:46 Stone Shaft Mining
41:13 Man-at-Arms
41:57 Bracer
43:00 Chemistry
41:34 Crossbowman
42:20 Thumb Ring
42:14 Arbalester
44:19 Two-Man Saw
45:00 Masonry
47:37 Architecture
49:14 Town Patrol
49:25 Forging
49:21 Scale Barding Armor
48:55 Elite Skirmisher
52:04 Elite War Wagon
53:05 Conscription
54:31 Guilds
54:21 Caravan
victorod123
6:36 Loom
11:47 Feudal Age
16:38 Castle Age
15:28 Stone Mining
15:24 Double-Bit Axe
15:20 Horse Collar
20:48 Bow Saw
22:39 Wheelbarrow
23:01 Squires
22:47 Arson
23:12 Heavy Plow
23:23 Scale Mail Armor
24:45 Gold Mining
33:10 Imperial Age
31:20 Chain Mail Armor
32:25 Hand Cart
32:40 Forging
33:45 Stone Shaft Mining
34:22 Iron Casting
34:58 Chemistry
34:19 Ballistics
34:57 Elite Obuch
36:56 Crop Rotation
37:20 Plate Mail Armor
37:11 Siege Engineers
37:21 Caravan
38:38 Blast Furnace
41:56 Husbandry
42:06 Bloodlines
41:17 Cavalier
42:09 Szlachta Privileges
42:25 Conscription
42:25 Lechitic Legacy
44:11 Light Cavalry
45:00 Scale Barding Armor
44:45 Fletching
44:56 Padded Archer Armor
45:06 Winged Hussar
46:23 Bodkin Arrow
46:51 Chain Barding Armor
51:40 Bodkin Arrow
52:00 Leather Archer Armor
Grand.Saladier
5:21 Loom
11:55 Feudal Age
12:55 Double-Bit Axe
13:24 Gold Mining
17:13 Castle Age
22:14 Horse Collar
23:08 Heavy Plow
25:29 Bow Saw
28:17 Wheelbarrow
33:18 Imperial Age
31:14 Hand Cart
30:51 Fletching
31:02 Padded Archer Armor
31:38 Elite Skirmisher
32:50 Ballistics
32:27 Bodkin Arrow
32:07 Pikeman
33:06 Squires
33:08 Scale Mail Armor
33:18 Forging
34:33 Gold Shaft Mining
33:58 Stone Mining
35:13 Chemistry
34:30 Leather Archer Armor
34:49 Conscription
34:52 Halberdier
35:48 Chain Mail Armor
36:44 Iron Casting
36:11 Bracer
39:53 Plate Mail Armor
40:39 Ring Archer Armor
40:45 Arson
41:29 Treadmill Crane
42:22 Thumb Ring
46:00 Arson
47:35 Two-Man Saw
52:45 Murder Holes
GERMANICO7222
6:53 Loom
12:12 Feudal Age
12:41 Double-Bit Axe
16:05 Horse Collar
24:43 Castle Age
23:01 Gold Mining
24:58 Wheelbarrow
24:39 Stone Mining
24:46 Fletching
24:56 Padded Archer Armor
28:49 Bodkin Arrow
29:50 Gold Shaft Mining
29:29 Bow Saw
29:32 Heavy Plow
31:54 Leather Archer Armor
36:57 Ballistics
37:01 Hand Cart
36:31 Town Watch
39:12 Paiks
42:35 Imperial Age
42:45 Elite Elephant Archer
44:45 Chemistry
43:47 Bracer
44:17 Ring Archer Armor
Connection lost

Rejoining the realm…

Still unreachable

The connection could not be restored.

Session expired

The server has moved on; the page needs a fresh start.